AoeStats
← wolololigma

MegaRandom

509683050Analyzed
2v2 RM · 4d ago on Sep 27, 2026· 58m 11s· 4 players
Game mode
Random Map
Map size
Medium (4 player)
Population
200
Speed
Normal
Resources
Standard
Victory
Conquest
Starting age
Dark Age
Ending age
Imperial Age
RankedLock teamsTeams togetherTeam positionsShared explorationLock speedFull tech treeHidden civsTurbo modeCheats
Victory
Defeat
🇲🇽 Saxons · Mexico
1068
+16
🇺🇸 Saracens · United States
1036
+17
🇪🇸 Inca · Spain
1104
-18
🇹🇷 Goths · Türkiye
1037
-15
King Dario II
3:02 Loom
15:22 Feudal Age
23:15 Castle Age
22:13 Scale Barding Armor
22:40 Bloodlines
23:30 Horse Collar
24:14 Forging
25:30 Gold Mining
26:13 Heavy Plow
29:41 Iron Casting
29:21 Stone Mining
29:03 Man-at-Arms
29:51 Fletching
34:11 Double-Bit Axe
35:57 Bodkin Arrow
36:34 Town Watch
39:38 Chain Barding Armor
40:22 Scale Mail Armor
41:04 Bow Saw
41:12 Husbandry
42:19 Wheelbarrow
44:05 Hand Cart
47:42 Caravan
48:20 Chain Mail Armor
53:32 Imperial Age
51:44 Light Cavalry
55:01 Plate Mail Armor
55:04 Guilds
55:41 Hussar
57:41 Crop Rotation
wolololigma
6:45 Loom
15:14 Feudal Age
15:46 Gold Mining
15:46 Double-Bit Axe
15:44 Horse Collar
23:39 Wheelbarrow
25:18 Castle Age
24:31 Wheelbarrow
26:27 Bow Saw
26:44 Man-at-Arms
29:09 Forging
29:05 Scale Barding Armor
29:46 Gold Mining
30:46 Scale Mail Armor
30:40 Pikeman
31:21 Squires
34:10 Hand Cart
37:05 Iron Casting
44:06 Imperial Age
42:06 Caravan
46:52 Conscription
46:47 Bimaristan
45:57 Elite Mameluke
51:39 Two-Man Saw
51:44 Bloodlines
51:35 Husbandry
50:57 Light Cavalry
53:44 Blast Furnace
53:05 Chain Barding Armor
52:36 Fletching
54:27 Hussar
GlorioustoRy [75MINGAME]
10:46 Loom
15:15 Feudal Age
19:20 Double-Bit Axe
21:59 Castle Age
26:34 Wheelbarrow
27:44 Horse Collar
30:21 Pikeman
32:10 Bloodlines
32:14 Heavy Plow
33:06 Hand Cart
32:37 Town Watch
34:04 Bow Saw
37:32 Scale Barding Armor
37:38 Forging
38:53 Gold Mining
39:37 Elite Skirmisher
40:52 Fletching
41:03 Padded Archer Armor
43:08 Leather Archer Armor
43:21 Light Cavalry
44:38 Bodkin Arrow
50:38 Imperial Age
50:17 Husbandry
52:24 Chain Barding Armor
52:39 Crop Rotation
52:12 Squires
52:27 Cavalier
54:39 Two-Man Saw
56:08 Iron Casting
58:16 Conscription
58:03 Scale Mail Armor
58:18 Caravan
mcriano22
3:49 Loom
14:41 Feudal Age
15:06 Champi Runner
15:53 Arson
16:10 Horse Collar
16:19 Double-Bit Axe
16:59 Town Watch
17:49 Wheelbarrow
23:59 Castle Age
24:02 Scale Mail Armor
23:56 Gold Mining
24:06 Champi Warrior
24:47 Squires
25:30 Bow Saw
25:26 Heavy Plow
26:58 Stone Mining
31:07 Gold Shaft Mining
32:16 Stone Shaft Mining
36:19 Fletching
37:43 Ballistics
41:16 Imperial Age
38:58 Murder Holes
40:28 Coinage
40:30 Hand Cart
40:17 Town Patrol
41:41 Guard Tower
41:33 Treadmill Crane
42:03 Masonry
42:54 Banking
42:43 Forging
42:48 Chain Mail Armor
42:29 Bodkin Arrow
43:35 Hoardings
45:25 Conscription
45:43 Thumb Ring
47:19 Elite Skirmisher
49:12 Chemistry
48:21 Padded Archer Armor
48:22 Bracer
50:06 Leather Archer Armor
50:09 Capped Ram
51:08 Siege Ram
Connection lost

Rejoining the realm…

Still unreachable

The connection could not be restored.

Session expired

The server has moved on; the page needs a fresh start.